 Dungeon Crawl Stone Soup version 0.20.1 (console) character file.

1461 bli the Magician (level 8, -7/61 HPs)
             Began as a Pale Draconian Conjurer on July 2, 2017.
             Was a Follower of Vehumet.
             Mangled by an orc warrior
             ... wielding a +0 battleaxe
              (13 damage)
             ... on level 7 of the Dungeon.
             The game lasted 00:29:53 (6678 turns).

bli the Magician (Pale Draconian Conjurer)          Turns: 6678, Time: 00:29:53

Health: -7/61      AC: 11    Str: 11    XL:     8   Next: 48%
Magic:  7/18       EV: 13    Int: 17    God:    Vehumet [*.....]
Gold:   240        SH:  0    Dex: 12    Spells: 17/21 levels left

rFire    . . .     SeeInvis .   p - +0 short sword (curse)
rCold    . . .     Gourm    .   (no shield)
rNeg     . . .     Faith    .   (armour unavailable)
rPois    .         Spirit   .   (helmet restricted)
rElec    .         Reflect  .   j - +0 cloak
rCorr    .         Harm     .   (no gloves)
MR       +....                  (no boots)
Stlth    ++........             (no amulet)
Regen    0.2/turn               C - ring of protection from magic
MPRegen  0.2/turn               r - +4 ring of protection

@: no status effects
A: breathe steam, unfitting armour, cold-blooded, AC +6
a: Breathe Steam, Renounce Religion


You were on level 7 of the Dungeon.
You worshipped Vehumet.
Vehumet was aware of your devotion.
You were not hungry.

You visited 2 branches of the dungeon, and saw 8 of its levels.

You collected 240 gold pieces.

Inventory:

Hand Weapons
 p - a cursed +0 short sword (weapon)
 q - a +0 short sword of protection
 y - a +1 whip of holy wrath
 H - a +2 dagger of protection
Armour
 j - a +0 cloak (worn)
 G - a +0 large shield
Magical Staves
 t - an uncursed staff of wizardry {unknown}
Jewellery
 m - an uncursed ring of resist corrosion
 r - a +4 ring of protection (right hand)
 C - a ring of protection from magic (left hand)
 J - a cursed ring of loudness {unknown}
Wands
 l - a wand of flame (23/48)
 K - a wand of polymorph (12/24)
Scrolls
 c - 2 scrolls of fog
 e - 5 scrolls of identify
 f - 3 scrolls of enchant weapon
 h - a scroll of magic mapping
 n - a scroll of enchant armour
 o - 3 scrolls of teleportation
 s - 2 scrolls of amnesia
 A - a scroll of immolation {unknown}
 E - a scroll of random uselessness {unknown}
 I - a scroll of remove curse {unknown}
Potions
 d - a potion of magic {unknown}
 g - a potion of agility {unknown}
 i - 2 potions of haste {unknown}
 k - 2 potions of heal wounds {unknown}
 u - 2 potions of ambrosia {unknown}
 w - 2 potions of mutation {unknown}
 x - 2 potions of flight {unknown}
 B - 2 potions of curing {unknown}
 D - 2 potions of invisibility {unknown}
 F - 2 potions of might {unknown}
Books
 a - a book of Conjurations

   Spells                             Type                      Level
   a - Magic Dart                     Conjuration                  1
   b - Searing Ray                    Conjuration                  2
   c - Dazzling Spray                 Conjuration/Hexes            3
   d - Fulminant Prism                Conjuration/Hexes            4
   e - Force Lance                    Conjuration/Translocation    4
   f - Iskenderun's Mystic Blast      Conjuration                  4
Comestibles
 b - 6 bread rations
 v - 2 royal jellies
 z - 2 meat rations


   Skills:
 + Level 1.9 Fighting
 - Level 1.3 Short Blades
 + Level 4.0 Dodging
 - Level 1.7 Stealth
 * Level 7.1 Spellcasting
 + Level 6.6 Conjurations
 + Level 0.4 Poison Magic
 + Level 0.9 Evocations


You had 17 spell levels left.
You knew the following spells:

 Your Spells              Type           Power        Failure   Level  Hunger
a - Magic Dart            Conj           ####         1%          1    None
r - Searing Ray           Conj           ####..       1%          2    None
s - Sting                 Conj/Pois      ###.         2%          1    None


Dungeon Overview and Level Annotations

Branches:
Dungeon (7/15)             Temple (1/1) D:4

Altars:
Dithmenos
Gozag
Hepliaklqana
Makhleb
Nemelex Xobeh
Okawaru
Qazlal
Trog
Uskayaw
Vehumet
Zin

Shops:
D:5 [


Innate Abilities, Weirdness & Mutations

You can breathe blasts of scalding, opaque steam.
Your pale cyan-grey scales are hard. (AC +6)
You cannot fit into any form of body armour.
You are cold-blooded and may be slowed by cold attacks.


Message History

Press: ? - help, Shift-Dir - straight line, f - orc wizard, p - orc warrior
Aim: an orc wizard, wielding a dagger and wearing a robe The searing ray misses the orc warrior.
The searing ray hits the orc wizard.
The orc wizard is heavily wounded. (Press . to maintain the ray.)
The orc warrior closely misses you.
The searing ray hits the orc warrior.
The orc warrior is moderately wounded.
The searing ray hits the orc warrior.
The orc warrior is heavily wounded.
The orc warrior hits you with a battleaxe!!
* * * LOW HITPOINT WARNING * * *
The searing ray hits the orc warrior.
The orc warrior is almost dead.
The searing ray hits the orc wizard.
You kill the orc wizard!
Vehumet accepts your kill.
You finish channeling your searing ray.
The orc warrior hits you with a battleaxe!
You die...

......... #.#####.#.#
..........# #. ##.
..#####.### .#. ...
........... .... #..
..#####.###
#...#.#+####..# #.# #
#...#......#..#####.###
......................
#......#..##.##.###
#.@....#..##....# #
#o#.............###
#)###.............#
..o..)).###.##...........
...).##.##..##...#.##.#.#
#... #.##..##.#.#.##.#.#
... #.##..##...........
## #.#................
#.##.....#.#......#
#.##..####.####.#.#
#.##..####...##.#..


You could see an orc warrior.

Vanquished Creatures
  The ghost of KleinerIrrer the Ducker, an amateur OpTm (D:4)
  An ogre (D:5)
  A black bear (D:6)
  2 ice beasts
  A centaur (D:5)
  A bullfrog (D:7)
  2 scorpions (D:4)
  A water moccasin skeleton (D:5)
  A howler monkey (D:4)
  2 crimson imps
  A jelly (D:6)
  2 orc priests (D:3)
  A gnoll shaman (D:4)
  2 orc wizards
  A bullfrog skeleton (D:5)
  Terence (D:4)
  An iguana (D:7)
  3 worker ants
  4 gnolls (D:4)
  7 adders
  An ooze (D:3)
  An adder zombie (D:5)
  3 worms
  2 dart slugs (D:3)
  6 leopard geckos
  14 orcs
  2 ball pythons (D:2)
  4 giant cockroaches
  8 goblins
  5 hobgoblins
  8 jackals
  2 quokkas
  4 bats
  5 frilled lizards
  9 kobolds
  A quokka skeleton (D:7)
  A quokka zombie (D:6)
  5 rats
117 creatures vanquished.

Notes
Turn   | Place    | Note
-------+----------+-------------------------------------------
     0 | D:1      | bli the Draconian Conjurer began the quest for the Orb.
     0 | D:1      | Reached XP level 1. HP: 14/14 MP: 3/3
   510 | D:1      | Reached XP level 2. HP: 19/20 MP: 5/5
   517 | D:1      | Learned a level 2 spell: Searing Ray
  1314 | D:2      | Noticed Terence
  1517 | D:2      | Found a bloodstained altar of Trog.
  1687 | D:2      | Reached XP level 3. HP: 26/26 MP: 2/7
  1980 | D:3      | Reached skill level 3 in Spellcasting
  2245 | D:3      | Reached XP level 4. HP: 27/33 MP: 5/8
  2888 | D:3      | Reached XP level 5. HP: 27/39 MP: 4/10
  3971 | D:4      | Found a staircase to the Ecumenical Temple.
  3977 | Temple   | Entered the Ecumenical Temple
  4053 | Temple   | Became a worshipper of Vehumet
  4159 | D:4      | Killed Terence
  4208 | D:4      | Found a hide-covered altar of Uskayaw.
  4210 | D:4      | Found a burning altar of Makhleb.
  4312 | D:4      | Reached skill level 4 in Spellcasting
  4312 | D:4      | Reached skill level 5 in Conjurations
  4312 | D:4      | Reached XP level 6. HP: 44/46 MP: 0/12
  4421 | D:4      | Reached skill level 1 in Short Blades
  4620 | D:4      | Noticed KleinerIrrer's ghost (amateur OpTm)
  4636 | D:4      | Killed KleinerIrrer's ghost
  4636 | D:4      | Your scales start taking on a pale cyan-grey colour.
  4636 | D:4      | Reached XP level 7. HP: 32/51 MP: 0/14
  4672 | D:4      | Reached skill level 5 in Spellcasting
  5019 | D:5      | Entered Level 5 of the Dungeon
  5202 | D:5      | Found Vyhau's Antique Armour Emporium.
  5349 | D:5      | Reached * piety under Vehumet
  5349 | D:5      | Offered knowledge of Sting by Vehumet.
  5390 | D:5      | Learned a level 1 spell: Sting
  5617 | D:5      | Reached skill level 6 in Spellcasting
  5773 | D:5      | Reached XP level 8. HP: 58/58 MP: 8/17
  5915 | D:6      | Reached skill level 1 in Fighting
  6611 | D:7      | Reached skill level 7 in Spellcasting
  6678 | D:7      | Mangled by an orc warrior

Skill      XL: |  1  2  3  4  5  6  7  8 |
---------------+-------------------------+-----
Dodging        | 2 3 4 |  4.0
Spellcasting   | 3 4 6 7 |  7.1
Conjurations   | 5 6 |  6.6
Short Blades   | 1 |  1.3
Fighting       | 1 |  1.9
Stealth        | |  1.7
Poison Magic   | |  0.4
Evocations     | |  0.9

Action                   |  1- 3 |  4- 6 |  7- 9 || total
-------------------------+-------+-------+-------++-------
Melee: Unarmed           |    87 |       |       ||    87
       Tailslap          |    11 |     2 |     8 ||    21
       Short sword       |    12 |    44 |    44 ||   100
 Cast: Magic Dart        |    69 |    68 |    66 ||   203
       Searing Ray       |     3 |    12 |    13 ||    28
       Sting             |       |       |    20 ||    20
Evoke: Wand              |       |     3 |       ||     3
  Use: Scroll            |       |     1 |     5 ||     6
 Stab: Sleeping          |     2 |     1 |       ||     3
  Eat: Chunk             |     5 |     8 |     4 ||    17
       Meat ration       |       |       |     1 ||     1
Armor: Skin              |    37 |    29 |    34 ||   100
Dodge: Dodged            |    66 |    44 |    44 ||   154
